 Dungeon Crawl Stone Soup version 0.26-a0-958-gf3041fb45f (webtiles) character file.

Game seed: 5602002827440019727

184 PentaManta the Ruffian (level 5, 0/36 HPs)
             Began as an Octopode Fighter on Nov 30, 2020.
             Slain by an orc
             ... wielding a +0 trident
              (6 damage)
             ... on level 3 of the Dungeon.
             The game lasted 00:02:26 (2244 turns).

PentaManta the Ruffian (Octopode Fighter)           Turns: 2244, Time: 00:02:26

Health: 0/36       AC:  1    Str: 16    XL:     5   Next: 64%
Magic:  5/5        EV: 12    Int: 10    God:
Gold:   54         SH:  9    Dex: 12    Spells: 4/4 levels left

rFire    . . .     SeeInvis .     - Unarmed
rCold    . . .     Faith    .   a - +0 kite shield
rNeg     . . .     Spirit   .   (helmet restricted)
rPois    .         Reflect  .   f - amulet of the acrobat
rElec    .         Harm     .   (no ring)
rCorr    .         Rampage  .   (no ring)
MR       .....                  (no ring)
Stlth    ++........             (no ring)
HPRegen  0.12/turn              (no ring)
MPRegen  0.09/turn              (no ring)
                                (no ring)
                                (no ring)

@: no status effects
A: almost no armour, stealthy swim, amphibious, 8 rings, constrict 8, camouflage
1, gelatinous body 1
a: no special abilities


You were on level 3 of the Dungeon.
You visited 1 branch of the dungeon, and saw 3 of its levels.

You collected 54 gold pieces.

Inventory:

Armour
 a - a +0 kite shield (worn)
Jewellery
 f - an amulet of the acrobat (around mantle)
 g - an uncursed amulet of faith {unknown}
 h - an uncursed ring of flight {unknown}
Wands
 n - a wand of acid (2)
Scrolls
 c - 9 scrolls of identify {unknown}
 d - 3 scrolls of blinking {unknown}
 e - a scroll of enchant weapon {unknown}
 i - a scroll of magic mapping {unknown}
 j - a scroll of random uselessness {unknown}
 l - a scroll of amnesia {unknown}
 m - a scroll of remove curse {unknown}
 o - a scroll of enchant armour {unknown}
Potions
 b - 3 potions of might
 k - a potion of heal wounds {unknown}


   Skills:
 - Level 3.0 Fighting
 - Level 3.0 Dodging
 + Level 4.0 Shields
 * Level 5.0 Unarmed Combat


You had 4 spell levels left.
You didn't know any spells.
Your spell library was empty.

Dungeon Overview and Level Annotations

Branches:
Dungeon (3/15)

Altars:
Dithmenos
Kikubaaqudgha
Sif Muna
Yredelemnul


Innate Abilities, Weirdness & Mutations

You cannot wear most types of armour.
You are very stealthy in the water. (Stealth+)
You are amphibious.
You can wear up to eight rings at the same time.
You can use your tentacles to constrict eight enemies at once.
Your skin changes colour to match your surroundings (Stealth+).
Your rubbery body absorbs attacks. (AC +1, EV +1)


Message History

Unknown command.
You bludgeon the ball python!
You kill the ball python!
The orc cheers loudly.
You block the orc's attack. The orc misses you. The orc barely misses you.
The worm bites you.
* * * LOW HITPOINT WARNING * * *
The orc misses you.
You see here 10 stones.
You barely miss the orc. Your grab misses the orc. The orc closely misses you.
You bludgeon the orc!
You kill the orc!
You block the orc's attack. The orc misses you.
You see here a +0 falchion.
The kobold shouts!
You tentacle-slap the orc but do no damage.
Your grab misses the orc. The orc hits you with a +0 trident.
You die...

...) #.#.# ....
#.#.# .....
#...# ..)..
#.### ....K.#.#
....|.#.#######
#............
#..##.##########
#....wo@(.......
##$.#o##########
##.#)# #..o#
##... #....
#..... #....?.
##>.....


You could see a worm, 2 orcs and a kobold.

Vanquished Creatures
  Natasha (thrice) (D:2)
  A gnoll (D:2)
  2 adders (D:2)
  An ooze (D:1)
  2 worms (D:2)
  A dart slug (D:2)
  3 leopard geckos
  5 orcs (D:3)
  9 bats
  2 giant cockroaches (D:1)
  6 goblins
  5 hobgoblins
  2 jackals (D:2)
  5 kobolds
  2 quokkas (D:2)
  3 ball pythons
  4 frilled lizards
  8 rats
64 creatures vanquished.

Notes
Turn   | Place    | Note
-------+----------+-------------------------------------------
     0 | D:1      | PentaManta the Octopode Fighter began the quest for the
                  | Orb.
     0 | D:1      | Reached XP level 1. HP: 16/16 MP: 1/1
    73 | D:1      | Reached XP level 2. HP: 21/21 MP: 2/2
   142 | D:1      | Reached skill level 3 in Unarmed Combat
   384 | D:1      | Reached XP level 3. HP: 26/26 MP: 3/3
   960 | D:2      | Found an ancient bone altar of Kikubaaqudgha.
  1000 | D:2      | Noticed Natasha
  1012 | D:2      | Killed Natasha
  1013 | D:2      | Reached skill level 4 in Unarmed Combat
  1013 | D:2      | Reached XP level 4. HP: 21/31 MP: 4/4
  1144 | D:2      | Noticed Natasha
  1148 | D:2      | Killed Natasha
  1441 | D:2      | Noticed Natasha
  1446 | D:2      | Killed Natasha
  1447 | D:2      | Reached XP level 5. HP: 36/36 MP: 5/5
  1734 | D:2      | Found a shimmering blue altar of Sif Muna.
  1798 | D:2      | Found a shadowy altar of Dithmenos.
  1798 | D:2      | Found a basalt altar of Yredelemnul.
  2180 | D:3      | Reached skill level 5 in Unarmed Combat
  2244 | D:3      | Slain by an orc

Illustrated notes

Levels and vault maps discovered:
D:1:      dpeg_arrival_shrine, layout_rooms
D:2:      minmay_wonky_spiral, layout_basic, grunt_temple_overflow_open,
          gammafunk_temple_overflow_elements, uniq_natasha
D:3:      layout_basic

Skill      XL: |  1  2  3  4  5 |
---------------+----------------+-----
Unarmed Combat | 3 4 5 |  5.0
Shields        | 4 |  4.0
Fighting       | |  3.0
Dodging        | |  3.0

Action                   |  1- 3 |  4- 6 || total
-------------------------+-------+-------++-------
Melee: Unarmed           |    77 |    66 ||   143
       Tentacles         |    16 |    10 ||    26
       Constrict         |    22 |    16 ||    38
       Punch             |     2 |     1 ||     3
 Stab: Sleeping          |     7 |     4 ||    11
Armor: Skin              |    13 |     4 ||    17
Dodge: Dodged            |    38 |    22 ||    60
Block: Kite shield       |    32 |    35 ||    67

Table legend: (Time is in decaauts)
 A = Elapsed time spent in this place.
 B = Non-inter-level travel time spent in this place.
 C = Inter-level travel time spent in this place.
 D = Time resting spent in this place.
 E = Time spent auto-exploring this place.
 F = Levels seen in this place.
 G = Mean time per level.
                   A        B        C        D        E       F      G
               +--------+--------+--------+--------+--------+-----+--------+
         Total |   2267 |   2237 |     30 |    214 |   1680 |   3 |  755.7 |
       Dungeon |   2267 |   2237 |     30 |    214 |   1680 |   3 |  755.7 |
               +--------+--------+--------+--------+--------+-----+--------+

Top non-repeatable levels by time:
     D:2: 1190 daAuts
     D:1: 806 daAuts
     D:3: 270 daAuts
